 Dungeon Crawl Stone Soup version 0.21.0-30-g47ce8e4cbb (webtiles) character file.

95 Jannitor the Magician (level 4, -8/35 HPs)
             Began as a Mummy Warper on Jan 28, 2018.
             Mangled by an orc
             ... wielding a +0 trident
              (10 damage)
             ... on level 3 of the Dungeon.
             The game lasted 00:05:49 (1870 turns).

Jannitor the Magician (Mummy Warper)                Turns: 1870, Time: 00:05:49

Health: -8/35      AC:  3    Str: 14    XL:     4   Next: 39%
Magic:  5/9        EV: 11    Int: 13    God:
Gold:   69         SH:  0    Dex: 11    Spells: 3/10 levels left

rFire    x . .     SeeInvis .   g - +2 short sword (elec)
rCold    + . .     Gourm    .   (no shield)
rNeg     + + +     Faith    .   b - +0 leather armour
rPois    ∞         Spirit   .   (no helmet)
rElec    .         Reflect  .   (no cloak)
rCorr    .         Harm     .   (no gloves)
MR       .....                  (no boots)
Stlth    +.........             (no amulet)
HPRegen  0.11/turn              (no ring)
MPRegen  0.11/turn              (no ring)

@: very slightly contaminated
A: no food or potions, fire vulnerability, cold resistance 1, negative energy
resistance 3, torment resistance, unbreathing
a: no special abilities


You were on level 3 of the Dungeon.
You were not hungry.

You visited 1 branch of the dungeon, and saw 3 of its levels.

You collected 69 gold pieces.

Inventory:

Hand Weapons
 a - a +0 mace
 g - a +2 short sword of electrocution (weapon)
 l - a cursed -2 dagger
Missiles
 e - 5 tomahawks of dispersal (quivered)
Armour
 b - a +0 leather armour (worn)
 j - a +0 buckler
Scrolls
 h - a scroll of remove curse
Books
 c - a book of Spatial Translocations

   Spells                             Type                      Level
   a - Blink                          Translocation                2
   b - Shroud of Golubria             Charms/Translocation         2
   c - Lesser Beckoning               Translocation                3
   d - Gell's Gravitas                Translocation                3
   e - Teleport Other                 Translocation                3
   f - Passage of Golubria            Translocation                4


   Skills:
 + Level 3.0 Fighting
 + Level 0.7 Short Blades
 - Level 1.7 Maces & Flails
 - Level 0.7 Throwing
 + Level 1.7 Armour
 - Level 1.5 Dodging
 + Level 3.5 Spellcasting
 + Level 2.6 Translocations


You had 3 spell levels left.
You knew the following spells:

 Your Spells              Type           Power        Failure   Level  Hunger
a - Blink                 Tloc           N/A          13%         2    N/A
b - Shroud of Golubria    Chrm/Tloc      #.........   24%         2    N/A
c - Teleport Other        Tloc           #.......     26%         3    N/A

Dungeon Overview and Level Annotations

Branches:
Dungeon (3/15)

Altars:


Innate Abilities, Weirdness & Mutations

You do not eat or drink.
Your flesh is vulnerable to fire.
You are immune to poison.
Your flesh is cold resistant. (rC+)
You are immune to negative energy. (rN+++)
You are immune to unholy pain and torment.
You can survive without breathing.


Message History

* * * LOW HITPOINT WARNING * * *
The kobold hits you.
* * * LOW HITPOINT WARNING * * *
Unknown command.
Cast which spell? (? or * to list)
You blink.
Unknown command.
As you read the scroll labeled USIORI XUOSAURPH, it crumbles to dust.
The creatures around you are filled with an inner flame!
It was a scroll of immolation.
Unknown command.
As you read the scroll labeled NIESE CEATHROAMN, it crumbles to dust.
It is a scroll of identify.
l - a cursed -2 dagger Unknown command.
Casting: Blink
Confirm with . or Enter, or press ? or * to list all spells.
You blink.
The orc hits you from afar with a trident!
You die...

##### #...# ##########
#######...#
#.....@..####......o..#
#...Kso..##...#####...#
#.....o...†............
#........###########..s
########## #### ############ #
#.......... ########......>.#
##.
############....†..........#...


You could see 2 orcs, a giant cockroach (inner flame) and a kobold (inner
flame).

Vanquished Creatures
  Natasha (D:2)
  An adder (D:3)
  An ooze (D:1)
  3 leopard geckos
  7 orcs (D:3)
  A giant cockroach (D:2)
  3 goblins
  3 hobgoblins
  2 quokkas
  2 ball pythons
  10 bats
  A frilled lizard (D:3)
  7 kobolds
  6 rats
48 creatures vanquished.

Notes
Turn   | Place    | Note
-------+----------+-------------------------------------------
     0 | D:1      | Jannitor the Mummy Warper began the quest for the Orb.
     0 | D:1      | Reached XP level 1. HP: 16/16 MP: 4/4
   648 | D:1      | Reached skill level 1 in Armour
   648 | D:1      | Reached XP level 2. HP: 18/22 MP: 5/5
  1025 | D:2      | Learned a level 2 spell: Blink
  1094 | D:2      | Reached XP level 3. HP: 28/28 MP: 7/7
  1209 | D:2      | Noticed Natasha
  1220 | D:2      | Killed Natasha
  1554 | D:3      | Reached XP level 4. HP: 28/34 MP: 9/9
  1797 | D:3      | Learned a level 2 spell: Shroud of Golubria
  1801 | D:3      | Learned a level 3 spell: Teleport Other
  1870 | D:3      | Mangled by an orc

Skill      XL: |  1  2  3  4 |
---------------+-------------+-----
Armour         | 1 |  1.7
Spellcasting   | 3 |  3.5
Fighting       | 3 |  3.0
Short Blades   | |  0.7
Maces & Flails | |  1.7
Throwing       | |  0.7
Dodging        | |  1.5
Translocations | |  2.6

Action                   |  1- 3 |  4- 6 || total
-------------------------+-------+-------++-------
Melee: Mace              |    16 |       ||    16
       Short sword       |    70 |    35 ||   105
 Cast: Blink             |       |     2 ||     2
  Use: Scroll            |     1 |     5 ||     6
Armor: Leather armour    |    26 |    10 ||    36
Dodge: Dodged            |    57 |    32 ||    89
